 Dungeon Crawl Stone Soup version 0.29-a0-668-g12ee2bf84d (webtiles) character file.

Game seed: 1471871945050542275

141 riojii the Insei (level 5, 0/34 HPs)
             Began as an Octopode Transmuter on June 24, 2022.
             Killed from afar by Natasha (7 damage)
             ... with a magic dart
             ... on level 2 of the Dungeon.
             The game lasted 00:03:56 (3596 turns).

riojii the Insei (Octopode Transmuter)              Turns: 3596, Time: 00:03:57

Health: 0/34       AC:  1    Str:  9    XL:     5   Next: 24%
Magic:  8/8        EV: 13    Int: 16    God:
Gold:   110        SH:  0    Dex: 14    Spells: 3/8 levels left

rFire   . . .      SeeInvis .     - Unarmed
rCold   . . .      Faith    .   (no shield)
rNeg    . . .      Spirit   .   (helmet currently unavailable)
rPois   .          Reflect  .   (no amulet)
rElec   .          Harm     .   e - ring of willpower
rCorr   .          Rampage  .   (no ring)
Will    +....                   (no ring)
Stlth   ++........              (no ring)
HPRegen 0.11/turn               (no ring)
MPRegen 0.11/turn               (no ring)
                                (no ring)
                                (no ring)

@: appendages
A: tentacle spike 3, almost no armour, amphibious, 8 rings, camouflage 1,
gelatinous body 1, (nimble swimmer 1), tentacles
a: End Transformation


You were on level 2 of the Dungeon.
One of your tentacles had grown a beastly spike.
You visited 1 branch of the dungeon, and saw 2 of its levels.

You collected 110 gold pieces.

Inventory:

Jewellery
 e - a ring of willpower (left tentacle)
Wands
 k - a wand of polymorph (6)
Scrolls
 a - a scroll of enchant weapon {unknown}
 f - a scroll of teleportation
 g - a scroll of brand weapon {unknown}
 h - 2 scrolls of identify
 i - a scroll of poison {unknown}
Potions
 b - 4 potions of might {unknown}
 c - 2 potions of haste
 d - 3 potions of curing {unknown}
 j - 2 potions of lignification


   Skills:
 + Level 1.8 Fighting
 - Level 2.3 Dodging
 * Level 4.0 Unarmed Combat
 - Level 2.2 Spellcasting
 * Level 3.2 Transmutations
 * Level 1.3 Ice Magic


You had 3 spell levels left.
You knew the following spells:

 Your Spells              Type           Power      Damage    Failure   Level
a - Beastly Appendage     Tmut           24%        N/A       5%          1
b - Ice Form              Ice/Tmut       9%         N/A       61%         4

Your spell library contained the following spells:

 Spells                   Type           Power      Damage    Failure   Level
 Wereblood                Tmut           12%        N/A       8%          2
 Spider Form              Tmut/Pois      7%         N/A       30%         3


Dungeon Overview and Level Annotations

Branches:
Dungeon (2/15)

Altars:

Annotations:
D:2 Natasha


Innate Abilities, Weirdness & Mutations

One of your tentacles has grown a beastly spike.
You cannot wear most types of armour.
You are amphibious.
You can wear up to eight rings at the same time.
Your skin changes colour to match your surroundings (Stealth+).
Your rubbery body absorbs attacks. (AC +1, EV +1)
((You are camouflaged when in or above water. (Stealth+)))
You have tentacles for arms and can constrict up to eight enemies at once.


Message History

Done exploring.
Done exploring.
Done exploring.
There is an open door, spattered with blood here.
You see here a +0 ring mail.
There is an escape hatch in the ceiling here.
There is an open door here.
There is an open door here.
There is a stone staircase leading up here.
Natasha, Servant of Life and Death comes into view.
One of your tentacles grows a vicious spike.
Natasha hisses angrily.
Natasha mumbles some strange words.
Natasha casts a spell.
The shadow imp closely misses you. Natasha misses you. The shadow imp hits you.
You closely miss Natasha. Your grab misses Natasha.
Your tentacle spike misses Natasha.
Natasha claws you.
You tentacle-slap Natasha. Your grab misses Natasha.
Your squeeze misses Natasha.
Natasha is lightly wounded.
The shadow imp gestures at you. Pain shoots through your body!
Natasha stares at you and mumbles some strange words.
The magic dart hits you!
You barely miss Natasha. You grab Natasha.
Natasha is lightly wounded.
You constrict Natasha. The shadow imp hits you.
Natasha claws you but does no damage.
You tentacle-slap Natasha but do no damage.
You pierce Natasha, but do no damage.
You squeeze Natasha.
Natasha is severely wounded.
You constrict Natasha. The shadow imp barely misses you. Natasha misses you.
You tentacle-slap Natasha but do no damage.
Natasha is severely wounded.
You constrict Natasha. The shadow imp hits you.
* * * LOW HITPOINT WARNING * * *
Natasha stares at you and mumbles some strange words.
The magic dart hits you!
You die...

#...#.##..................'..#
#######)##....##########....####
...<..........# ######
#....##### ##...[..##....#
#....# #.........
♣###..........# #....#
#......... .# #..#.###...#
#....# ####......
♣###..#....#### #....# #......
.#....#.#########h.5.## ####'##
♣#....#.# #..5@#....# #.#
##....### #.##.#....###### #.#
...)..#######.##...........###.#
......#............#####.......#
......#.......##...# #.#.#####
#####.#.......##...# #...# #
#.#.......###### ###.# # #
###.#####.#.### #.# # #
#.............# #.# #


You could see Natasha, a white imp (summoned) and a shadow imp (summoned).

Vanquished Creatures
  Natasha (D:2)
  Robin (D:2)
  3 adders (D:2)
  A worm (D:2)
  5 bats
  3 endoplasms
  2 giant cockroaches
  14 goblins
  9 hobgoblins
  8 jackals
  6 kobolds (D:1)
  4 quokkas
  6 ball pythons
  4 rats (D:1)
67 creatures vanquished.

Notes
Turn   | Place    | Note
-------+----------+-------------------------------------------
     0 | D:1      | riojii the Octopode Transmuter began the quest for the Orb.
     0 | D:1      | Reached XP level 1. HP: 13/13 MP: 3/3
   153 | D:1      | Reached XP level 2. HP: 7/18 MP: 3/5
   588 | D:1      | Reached XP level 3. HP: 8/23 MP: 6/6
  1805 | D:2      | Found a faded altar of an unknown god.
  1812 | D:2      | Reached XP level 4. HP: 18/28 MP: 5/7
  1820 | D:2      | Learned a level 4 spell: Ice Form
  2510 | D:2      | Noticed Natasha
  2518 | D:2      | HP: 1/28 [Natasha/magic dart (11)]
  2522 | D:2      | Killed Natasha
  2523 | D:2      | Reached skill level 1 in Ice Magic
  2818 | D:2      | Reached XP level 5. HP: 34/34 MP: 6/8
  3215 | D:2      | Noticed Robin
  3223 | D:2      | Killed Robin
  3224 | D:2      | Reached skill level 4 in Unarmed Combat
  3586 | D:2      | Noticed Natasha
  3596 | D:2      | Killed from afar by Natasha

Illustrated notes

Levels and vault maps discovered:
D:1:      scummos_arrival_checkerplants, layout_basic, feat_on_display
D:2:      layout_basic, hellmonk_ecumenical_altar_dog_temple,
          minmay_misc_feat_room, chequers_arboretum, kennysheep_doodads,
          uniq_natasha, uniq_robin

Skill      XL: |  1  2  3  4  5 |
---------------+----------------+-----
Transmutations | 3 |  3.2
Ice Magic      | 1 |  1.3
Unarmed Combat | 4 |  4.0
Fighting       | |  1.8
Dodging        | |  2.3
Spellcasting   | |  2.2

Action                   |  1- 3 |  4- 6 || total
-------------------------+-------+-------++-------
Melee: Unarmed           |    77 |    65 ||   142
       Constrict         |    20 |    18 ||    38
       Tentacles         |    15 |    19 ||    34
       Kick              |    15 |    22 ||    37
       Punch             |     3 |     2 ||     5
 Cast: Beastly Appendage |    21 |    13 ||    34
  Use: Scroll            |     3 |       ||     3
       Potion            |       |     2 ||     2
 Stab: Sleeping          |     8 |     3 ||    11
Armor: Skin              |     6 |     7 ||    13
Dodge: Dodged            |    33 |    28 ||    61

Table legend: (Time is in decaauts)
 A = Elapsed time spent in this place.
 B = Non-inter-level travel time spent in this place.
 C = Inter-level travel time spent in this place.
 D = Time resting spent in this place.
 E = Time spent auto-exploring this place.
 F = Levels seen in this place.
 G = Mean time per level.
                   A        B        C        D        E       F      G
               +--------+--------+--------+--------+--------+-----+--------+
         Total |   3582 |   3309 |    273 |    298 |   2588 |   2 | 1791.0 |
       Dungeon |   3582 |   3309 |    273 |    298 |   2588 |   2 | 1791.0 |
               +--------+--------+--------+--------+--------+-----+--------+

Top non-repeatable levels by time:
     D:2: 1983 daAuts
     D:1: 1598 daAuts
